3182 views
Uploaded 2020-07-15 00:35:00
Game version 1.32.6 / 1.32.7
15:35 long 4on4 ladder game on (8)GolemsInTheMist_LV
Saved by Immortalsoul
3182 views
Uploaded 2020-07-15 00:35:00
Game version 1.32.6 / 1.32.7
15:35 long 4on4 ladder game on (8)GolemsInTheMist_LV


118 units @ 17.4k
/ 2.6k
68 buildings @ 10.2k
/ 3.7k


| Healing Salve | 1 | 100 |
| Scroll of Speed | 1 | 50 |
| Scroll of Town Portal | 2 | 700 |
| Orb of Corruption | 1 | 375 |
| total: | 5 | 1225g |
| Peon | 7 | 525 | / | 0 |
| Troll Headhunter | 10 | 1400 | / | 200 |
| Troll Witch Doctor | 1 | 145 | / | 25 |
| Shaman | 8 | 1040 | / | 160 |
| Troll Berserker | 6 | 840 | / | 120 |
| Mud Golem | 1 | 145 | / | 10 |
| total: | 33 | 4095g | / | 515w |
| Orc Burrow | 6 | 960 | / | 240 |
| War Mill | 1 | 205 | / | 0 |
| Barracks | 1 | 180 | / | 50 |
| Altar of Storms | 1 | 180 | / | 50 |
| Voodoo Lounge | 1 | 130 | / | 30 |
| Spirit Lodge | 3 | 450 | / | 450 |
| Stronghold | 1 | 315 | / | 190 |
| Fortress | 1 | 325 | / | 190 |
| total: | 13 | 2105g | / | 820w |
| 0:01 | Peon |
| 0:11 | Peon |
| 0:17 | Orc Burrow |
| 0:20 | Peon |
| 0:33 | War Mill |
| 0:36 | Peon |
| 0:47 | Barracks |
| 0:54 | Peon |
| 1:04 | Altar of Storms |
| 1:12 | Peon |
| 1:35 | Orc Burrow |
| 1:48 | Troll Headhunter |
| 2:06 | Voodoo Lounge |
| 2:10 | Troll Headhunter |
| 2:23 | Troll Headhunter |
| 2:48 | Troll Headhunter |
| 3:05 | Endurance Aura |
| 3:08 | Troll Headhunter |
| 3:24 | Stronghold |
| 3:34 | Healing Salve |
| 3:52 | Troll Headhunter |
| 4:10 | Troll Headhunter |
| 4:14 | Orc Burrow |
| 4:20 | Steel Ranged Weapons |
| 4:40 | War Stomp |
| 5:17 | Troll Headhunter |
| 5:27 | Scroll of Speed |
| 5:37 | Orc Burrow |
| 6:17 | Troll Regeneration |
| 6:19 | Spirit Lodge |
| 6:20 | Spirit Lodge |
| 6:43 | Endurance Aura |
| 6:58 | Healing Wave |
| 7:04 | Fortress |
| 7:25 | Scroll of Town Portal |
| 7:35 | Witch Doctor Adept Training |
| 7:35 | Troll Witch Doctor |
| 7:42 | Shaman Adept Training |
| 7:45 | Shaman |
| 7:49 | Troll Headhunter |
| 7:49 | Troll Headhunter |
| 8:33 | Spirit Lodge |
| 8:37 | Orc Burrow |
| 8:40 | Orc Burrow |
| 8:48 | Shaman |
| 9:32 | Peon |
| 9:40 | Mud Golem |
| 9:52 | Shaman Master Training |
| 10:18 | Shaman |
| 10:40 | Hex |
| 10:51 | Shaman |
| 10:53 | Berserker Upgrade |
| 11:37 | War Stomp |
| 11:39 | Shaman |
| 11:40 | Troll Berserker |
| 11:57 | Shaman |
| 13:12 | Troll Berserker |
| 13:12 | Troll Berserker |
| 13:13 | Troll Berserker |
| 13:14 | Troll Berserker |
| 13:15 | Troll Berserker |
| 13:21 | Shaman |
| 13:38 | Healing Wave |
| 13:52 | Shaman |
| 14:59 | Scroll of Town Portal |
| 15:07 | Endurance Aura |
| 15:23 | Orb of Corruption |
| Select group | 797 |
| Right click | 490 |
| Misc. action | 379 |
| Select | 301 |
| Build/train/purchase | 78 |
| Assign group | 40 |
| Use ability | 30 |
| Chat | 30 |
| Minimap ping | 16 |
| Resource trade | 15 |
| Item give/drop | 4 |
| Remove unit | 4 |


| Lesser Clarity Potion | 1 | 70 |
| Scroll of Regeneration | 1 | 100 |
| Scroll of Town Portal | 1 | 350 |
| total: | 3 | 520g |
| Peasant | 17 | 1275 | / | 0 |
| Footman | 13 | 1755 | / | 0 |
| Rifleman | 4 | 820 | / | 120 |
| Mortar Team | 6 | 1080 | / | 420 |
| Priest | 4 | 540 | / | 40 |
| total: | 44 | 5470g | / | 580w |
| Altar of Kings | 1 | 180 | / | 50 |
| Farm | 12 | 960 | / | 240 |
| Barracks | 2 | 320 | / | 120 |
| Town Hall | 1 | 385 | / | 205 |
| Lumber Mill | 2 | 240 | / | 0 |
| Blacksmith | 1 | 140 | / | 60 |
| Arcane Vault | 1 | 130 | / | 30 |
| Workshop | 1 | 140 | / | 140 |
| Arcane Sanctum | 1 | 150 | / | 140 |
| Keep | 1 | 320 | / | 210 |
| Castle | 1 | 360 | / | 210 |
| total: | 22 | 2645g | / | 985w |
| 0:01 | Peasant |
| 0:01 | Peasant |
| 0:04 | Altar of Kings |
| 0:18 | Farm |
| 0:20 | Barracks |
| 0:22 | Peasant |
| 0:35 | Peasant |
| 0:49 | Peasant |
| 0:55 | Farm |
| 1:02 | Peasant |
| 1:09 | Peasant |
| 1:21 | Footman |
| 1:21 | Footman |
| 1:35 | Peasant |
| 1:54 | Footman |
| 1:54 | Footman |
| 1:59 | Farm |
| 2:08 | Footman |
| 2:21 | Flame Strike |
| 3:05 | Footman |
| 3:16 | Footman |
| 3:31 | Town Hall |
| 3:38 | Siphon Mana |
| 3:40 | Footman |
| 3:41 | Farm |
| 3:43 | Peasant |
| 3:44 | Peasant |
| 4:00 | Lumber Mill |
| 4:10 | Peasant |
| 4:25 | Peasant |
| 4:39 | Footman |
| 5:17 | Footman |
| 5:18 | Keep |
| 5:38 | Blacksmith |
| 5:42 | Footman |
| 5:42 | Footman |
| 5:42 | Footman |
| 5:47 | Peasant |
| 5:48 | Peasant |
| 5:48 | Peasant |
| 5:58 | Barracks |
| 6:27 | Farm |
| 6:41 | Flame Strike |
| 6:53 | Black Gunpowder |
| 6:53 | Rifleman |
| 6:55 | Farm |
| 6:59 | Lumber Mill |
| 7:09 | Rifleman |
| 7:46 | Rifleman |
| 8:10 | Rifleman |
| 8:11 | Long Rifles |
| 8:13 | Workshop |
| 8:23 | Arcane Vault |
| 8:30 | Improved Lumber Harvesting |
| 8:32 | Peasant |
| 8:32 | Peasant |
| 8:33 | Farm |
| 8:54 | Arcane Sanctum |
| 8:58 | Holy Light |
| 9:04 | Scroll of Town Portal |
| 9:04 | Lesser Clarity Potion |
| 9:05 | Scroll of Regeneration |
| 9:19 | Mortar Team |
| 9:31 | Farm |
| 9:42 | Mortar Team |
| 10:00 | Priest |
| 10:01 | Priest Adept Training |
| 10:02 | Farm |
| 10:16 | Mortar Team |
| 10:54 | Mortar Team |
| 10:54 | Priest |
| 11:42 | Mortar Team |
| 11:56 | Priest |
| 11:57 | Castle |
| 12:11 | Farm |
| 12:12 | Farm |
| 12:12 | Farm |
| 12:13 | Refined Gunpowder |
| 14:00 | Flare |
| 14:08 | Priest |
| 14:08 | Mortar Team |
| 14:21 | Siphon Mana |
| 14:37 | Divine Shield |
| Right click | 1288 |
| Select group | 871 |
| Select | 299 |
| Assign group | 130 |
| Build/train/purchase | 88 |
| Misc. action | 73 |
| Chat | 23 |
| Use ability | 20 |
| Resource trade | 16 |
| Remove unit | 1 |
| Esc | 1 |
| Minimap ping | 1 |



| Rod of Necromancy | 1 | 150 |
| Orb of Corruption | 1 | 375 |
| total: | 2 | 525g |
| Acolyte | 2 | 150 | / | 0 |
| Ghoul | 2 | 240 | / | 0 |
| Crypt Fiend | 7 | 1505 | / | 280 |
| Frost Wyrm | 5 | 1925 | / | 600 |
| total: | 16 | 3820g | / | 880w |
| Crypt | 1 | 200 | / | 50 |
| Graveyard | 1 | 215 | / | 0 |
| Altar of Darkness | 1 | 180 | / | 50 |
| Ziggurat | 6 | 900 | / | 300 |
| Tomb of Relics | 1 | 130 | / | 30 |
| Sacrificial Pit | 1 | 75 | / | 150 |
| Boneyard | 2 | 350 | / | 400 |
| Halls of the Dead | 1 | 320 | / | 210 |
| Black Citadel | 2 | 650 | / | 460 |
| total: | 13 | 2050g | / | 980w |
| 0:02 | Acolyte |
| 0:02 | Acolyte |
| 0:06 | Crypt |
| 0:18 | Graveyard |
| 0:43 | Altar of Darkness |
| 0:58 | Ziggurat |
| 1:10 | Ghoul |
| 1:32 | Tomb of Relics |
| 1:48 | Crypt Fiend |
| 1:48 | Crypt Fiend |
| 1:59 | Ziggurat |
| 2:21 | Crypt Fiend |
| 2:46 | Rod of Necromancy |
| 2:51 | Death Coil |
| 2:52 | Death Coil |
| 2:59 | Crypt Fiend |
| 3:19 | Crypt Fiend |
| 3:43 | Unholy Aura |
| 3:53 | Halls of the Dead |
| 4:06 | Ziggurat |
| 4:27 | Ghoul |
| 5:21 | Crypt Fiend |
| 5:21 | Crypt Fiend |
| 6:47 | Ziggurat |
| 6:55 | Black Citadel |
| 7:16 | Frost Nova |
| 7:57 | Sacrificial Pit |
| 8:47 | Creature Attack |
| 9:18 | Boneyard |
| 9:23 | Boneyard |
| 9:47 | Orb of Corruption |
| 9:54 | Ziggurat |
| 10:17 | Creature Carapace |
| 10:42 | Frost Wyrm |
| 10:50 | Impale |
| 10:56 | Frost Wyrm |
| 10:56 | Frost Wyrm |
| 11:14 | Frost Armor |
| 11:14 | Frost Armor |
| 11:28 | Death Coil |
| 11:56 | Ziggurat |
| 11:58 | Improved Creature Attack |
| 12:38 | Spiked Carapace |
| 12:48 | Freezing Breath |
| 13:07 | Web |
| 13:50 | Frost Wyrm |
| 14:31 | Frost Nova |
| 14:49 | Unholy Aura |
| 15:12 | Frost Wyrm |
| Select group | 1469 |
| Right click | 1126 |
| Select | 257 |
| Assign group | 63 |
| Build/train/purchase | 59 |
| Use ability | 24 |
| Misc. action | 12 |
| Chat | 6 |
| Item give/drop | 3 |


| Rod of Necromancy | 3 | 450 |
| Potion of Mana | 1 | 200 |
| Dust of Appearance | 2 | 150 |
| Scroll of Healing | 1 | 250 |
| Scroll of Town Portal | 1 | 350 |
| Potion of Lesser Invulnerability | 1 | 150 |
| Potion of Invisibility | 1 | 100 |
| Scroll of Protection | 1 | 150 |
| Scroll of Speed | 1 | 50 |
| total: | 12 | 1850g |
| Acolyte | 9 | 675 | / | 0 |
| Ghoul | 2 | 240 | / | 0 |
| Crypt Fiend | 10 | 2150 | / | 400 |
| Obsidian Statue | 3 | 600 | / | 105 |
| Goblin Shredder | 1 | 375 | / | 100 |
| total: | 25 | 4040g | / | 605w |
| Spirit Tower | 1 | 145 | / | 40 |
| Graveyard | 2 | 430 | / | 0 |
| Crypt | 2 | 400 | / | 100 |
| Altar of Darkness | 1 | 180 | / | 50 |
| Ziggurat | 9 | 1350 | / | 450 |
| Tomb of Relics | 1 | 130 | / | 30 |
| Necropolis | 3 | 675 | / | 0 |
| Slaughterhouse | 2 | 280 | / | 270 |
| Halls of the Dead | 1 | 320 | / | 210 |
| Black Citadel | 2 | 650 | / | 460 |
| total: | 20 | 3445g | / | 900w |
| 0:01 | Acolyte |
| 0:01 | Acolyte |
| 0:11 | Graveyard |
| 0:16 | Crypt |
| 0:39 | Altar of Darkness |
| 0:56 | Ziggurat |
| 1:17 | Ghoul |
| 1:22 | Tomb of Relics |
| 1:48 | Crypt Fiend |
| 2:01 | Ziggurat |
| 2:21 | Crypt Fiend |
| 2:21 | Crypt Fiend |
| 2:21 | Crypt Fiend |
| 2:45 | Rod of Necromancy |
| 2:49 | Dust of Appearance |
| 2:56 | Death Coil |
| 3:00 | Ghoul |
| 3:22 | Unholy Aura |
| 3:28 | Halls of the Dead |
| 3:34 | Scroll of Speed |
| 3:53 | Crypt Fiend |
| 4:19 | Crypt Fiend |
| 4:24 | Ziggurat |
| 4:31 | Creature Attack |
| 5:10 | Death Coil |
| 5:49 | Rod of Necromancy |
| 5:49 | Potion of Mana |
| 5:51 | Acolyte |
| 6:02 | Slaughterhouse |
| 6:04 | Slaughterhouse |
| 6:27 | Necropolis |
| 6:50 | Necropolis |
| 6:52 | Frost Nova |
| 6:54 | Rod of Necromancy |
| 6:54 | Dust of Appearance |
| 7:27 | Obsidian Statue |
| 8:20 | Unholy Aura |
| 8:29 | Web |
| 8:33 | Acolyte |
| 8:33 | Ziggurat |
| 8:42 | Acolyte |
| 8:44 | Obsidian Statue |
| 9:03 | Acolyte |
| 9:10 | Acolyte |
| 9:11 | Ziggurat |
| 9:14 | Dark Ritual |
| 9:29 | Potion of Lesser Invulnerability |
| 9:50 | Acolyte |
| 10:04 | Black Citadel |
| 10:25 | Potion of Invisibility |
| 10:53 | Crypt Fiend |
| 11:04 | Crypt Fiend |
| 11:06 | Improved Creature Attack |
| 11:32 | Crypt Fiend |
| 11:34 | Obsidian Statue |
| 11:52 | Ziggurat |
| 11:53 | Ziggurat |
| 11:54 | Spirit Tower |
| 11:56 | Scroll of Healing |
| 11:56 | Scroll of Protection |
| 12:06 | Graveyard |
| 12:26 | Destroyer Form |
| 12:44 | Goblin Shredder |
| 12:59 | Crypt |
| 13:00 | Crypt Fiend |
| 13:25 | Acolyte |
| 13:42 | Ziggurat |
| 13:42 | Ziggurat |
| 13:44 | Advanced Creature Attack |
| 14:23 | Frost Nova |
| 14:59 | Scroll of Town Portal |
| 15:24 | Necropolis |
| Right click | 898 |
| Select group | 745 |
| Select | 456 |
| Misc. action | 129 |
| Assign group | 112 |
| Chat | 110 |
| Build/train/purchase | 86 |
| Use ability | 60 |
| Minimap ping | 15 |
| Item give/drop | 8 |
| Esc | 2 |
149 units @ 17.2k
/ 2k
56 buildings @ 9.4k
/ 4.3k


| Scroll of Town Portal | 1 | 350 |
| Healing Salve | 1 | 100 |
| Orb of Lightning | 1 | 375 |
| total: | 3 | 825g |
| Wisp | 12 | 720 | / | 0 |
| Archer | 15 | 1950 | / | 150 |
| Hippogryph | 4 | 640 | / | 80 |
| total: | 31 | 3310g | / | 230w |
| Altar of Elders | 1 | 180 | / | 50 |
| Moon Well | 4 | 720 | / | 160 |
| Ancient of War | 1 | 150 | / | 60 |
| Hunter's Hall | 1 | 210 | / | 100 |
| Ancient of Wind | 3 | 450 | / | 420 |
| Tree of Ages | 1 | 320 | / | 180 |
| total: | 10 | 1710g | / | 790w |
| 0:01 | Wisp |
| 0:03 | Wisp |
| 0:09 | Altar of Elders |
| 0:16 | Moon Well |
| 0:18 | Wisp |
| 0:36 | Ancient of War |
| 0:39 | Wisp |
| 0:49 | Wisp |
| 0:49 | Wisp |
| 0:49 | Wisp |
| 1:02 | Wisp |
| 1:10 | Wisp |
| 1:32 | Moon Well |
| 1:37 | Archer |
| 1:41 | Wisp |
| 2:03 | Moon Well |
| 2:12 | Force of Nature |
| 2:12 | Force of Nature |
| 2:38 | Wisp |
| 2:38 | Wisp |
| 2:56 | Archer |
| 3:04 | Tree of Ages |
| 3:04 | Archer |
| 3:32 | Archer |
| 3:41 | Hunter's Hall |
| 3:43 | Entangling Roots |
| 3:58 | Archer |
| 4:17 | Archer |
| 4:39 | Archer |
| 4:44 | Strength of the Moon |
| 5:28 | Archer |
| 5:28 | Improved Bows |
| 5:33 | Ancient of Wind |
| 5:49 | Ancient of Wind |
| 6:25 | Archer |
| 6:49 | Hippogryph |
| 6:49 | Hippogryph |
| 6:53 | Moon Well |
| 6:59 | Trueshot Aura |
| 7:08 | Archer |
| 7:19 | Improved Strength of the Moon |
| 8:12 | Entangling Roots |
| 8:14 | Archer |
| 8:16 | Hippogryph |
| 8:47 | Archer |
| 9:20 | Archer |
| 9:22 | Hippogryph |
| 9:48 | Scroll of Town Portal |
| 9:54 | Searing Arrows |
| 10:12 | Healing Salve |
| 10:28 | Orb of Lightning |
| 11:32 | Archer |
| 11:33 | Archer |
| 11:54 | Ancient of Wind |
| Right click | 426 |
| Select group | 319 |
| Select | 251 |
| Misc. action | 236 |
| Build/train/purchase | 54 |
| Assign group | 41 |
| Use ability | 28 |
| Minimap ping | 10 |
| Remove unit | 1 |
| Esc | 1 |
⇛
wwwwwwwwwww
(2)
(15:24) : 

| Lesser Clarity Potion | 2 | 140 |
| Staff of Preservation | 1 | 150 |
| Potion of Mana | 1 | 200 |
| Anti-magic Potion | 1 | 100 |
| Scroll of Town Portal | 1 | 350 |
| total: | 6 | 940g |
| Wisp | 36 | 2160 | / | 0 |
| Archer | 5 | 650 | / | 50 |
| Chimaera | 4 | 1320 | / | 280 |
| Hippogryph | 2 | 320 | / | 40 |
| total: | 47 | 4450g | / | 370w |
| Ancient Protector | 6 | 810 | / | 480 |
| Moon Well | 6 | 1080 | / | 240 |
| Altar of Elders | 1 | 180 | / | 50 |
| Ancient of War | 1 | 150 | / | 60 |
| Ancient of Wonders | 1 | 90 | / | 30 |
| Tree of Life | 1 | 340 | / | 185 |
| Hunter's Hall | 1 | 210 | / | 100 |
| Ancient of Wind | 2 | 300 | / | 280 |
| Chimaera Roost | 3 | 420 | / | 570 |
| Tree of Ages | 2 | 640 | / | 360 |
| Tree of Eternity | 2 | 660 | / | 400 |
| total: | 22 | 3580g | / | 1995w |
| 0:02 | Wisp |
| 0:02 | Wisp |
| 0:15 | Moon Well |
| 0:18 | Altar of Elders |
| 0:28 | Wisp |
| 0:28 | Wisp |
| 0:49 | Ancient of War |
| 0:55 | Wisp |
| 0:55 | Wisp |
| 1:17 | Wisp |
| 1:17 | Wisp |
| 1:26 | Wisp |
| 1:26 | Wisp |
| 1:45 | Moon Well |
| 1:53 | Archer |
| 1:56 | Ancient of Wonders |
| 2:17 | Force of Nature |
| 2:36 | Wisp |
| 2:37 | Wisp |
| 2:37 | Wisp |
| 2:40 | Moon Well |
| 2:41 | Wisp |
| 2:42 | Wisp |
| 2:42 | Wisp |
| 2:42 | Wisp |
| 2:42 | Wisp |
| 2:42 | Wisp |
| 2:42 | Wisp |
| 2:42 | Wisp |
| 2:42 | Wisp |
| 2:42 | Wisp |
| 3:34 | Tree of Life |
| 3:35 | Entangling Roots |
| 3:54 | Tree of Ages |
| 3:59 | Hunter's Hall |
| 4:22 | Archer |
| 4:55 | Archer |
| 5:28 | Ancient Protector |
| 5:30 | Archer |
| 5:34 | Ancient Protector |
| 5:35 | Ancient Protector |
| 5:37 | Ancient Protector |
| 5:37 | Wisp |
| 5:50 | Wisp |
| 5:50 | Wisp |
| 6:23 | Tree of Eternity |
| 6:52 | Ancient of Wind |
| 6:54 | Archer |
| 7:00 | Ancient of Wind |
| 7:07 | Ancient Protector |
| 7:08 | Ancient Protector |
| 7:11 | Wisp |
| 7:11 | Wisp |
| 7:22 | Lesser Clarity Potion |
| 7:22 | Lesser Clarity Potion |
| 8:22 | Wisp |
| 8:22 | Wisp |
| 8:22 | Wisp |
| 8:23 | Wisp |
| 8:54 | Wisp |
| 8:54 | Wisp |
| 8:59 | Chimaera Roost |
| 9:14 | Chimaera Roost |
| 9:18 | Chimaera Roost |
| 9:24 | Wisp |
| 9:24 | Wisp |
| 9:33 | Scroll of Town Portal |
| 9:33 | Staff of Preservation |
| 9:54 | Trueshot Aura |
| 10:01 | Ultravision |
| 10:02 | Well Spring |
| 10:52 | Chimaera |
| 10:56 | Moon Well |
| 10:57 | Moon Well |
| 11:00 | Moon Well |
| 11:51 | Chimaera |
| 11:55 | Strength of the Wild |
| 11:55 | Reinforced Hides |
| 12:10 | Corrosive Breath |
| 12:12 | Chimaera |
| 12:12 | Chimaera |
| 12:52 | Potion of Mana |
| 12:52 | Anti-magic Potion |
| 12:59 | Hippogryph |
| 12:59 | Hippogryph |
| Right click | 832 |
| Select group | 442 |
| Select | 293 |
| Build/train/purchase | 85 |
| Use ability | 57 |
| Assign group | 32 |
| Misc. action | 31 |
| Resource trade | 26 |
| Minimap ping | 4 |
| Esc | 1 |

| Healing Salve | 4 | 400 |
| Lesser Clarity Potion | 3 | 210 |
| Potion of Healing | 1 | 150 |
| Scroll of Town Portal | 2 | 700 |
| Potion of Lesser Invulnerability | 1 | 150 |
| total: | 11 | 1610g |
| Peon | 8 | 600 | / | 0 |
| Troll Headhunter | 17 | 2380 | / | 340 |
| Demolisher | 6 | 1320 | / | 300 |
| Troll Berserker | 5 | 700 | / | 100 |
| Shaman | 2 | 260 | / | 40 |
| total: | 38 | 5260g | / | 780w |
| Orc Burrow | 4 | 640 | / | 160 |
| Altar of Storms | 1 | 180 | / | 50 |
| War Mill | 1 | 205 | / | 0 |
| Barracks | 2 | 360 | / | 100 |
| Voodoo Lounge | 2 | 260 | / | 60 |
| Spirit Lodge | 1 | 150 | / | 150 |
| Stronghold | 2 | 630 | / | 380 |
| Fortress | 1 | 325 | / | 190 |
| total: | 11 | 1795g | / | 520w |
| 0:03 | Peon |
| 0:03 | Peon |
| 0:20 | Orc Burrow |
| 0:24 | Peon |
| 0:36 | Altar of Storms |
| 0:42 | Peon |
| 0:51 | War Mill |
| 0:58 | Peon |
| 1:05 | Barracks |
| 1:11 | Peon |
| 1:20 | Orc Burrow |
| 1:27 | Peon |
| 1:46 | Peon |
| 1:54 | Voodoo Lounge |
| 2:06 | Troll Headhunter |
| 2:19 | Troll Headhunter |
| 2:33 | Orc Burrow |
| 2:37 | Endurance Aura |
| 2:45 | Troll Headhunter |
| 2:46 | Troll Headhunter |
| 2:49 | Spiked Barricades |
| 3:02 | Troll Headhunter |
| 3:11 | Healing Salve |
| 3:11 | Healing Salve |
| 3:15 | Healing Salve |
| 3:29 | Troll Headhunter |
| 3:29 | Troll Headhunter |
| 3:47 | Troll Headhunter |
| 4:23 | Orc Burrow |
| 4:26 | Stronghold |
| 4:36 | War Stomp |
| 4:42 | Troll Headhunter |
| 5:24 | Troll Headhunter |
| 5:25 | Lesser Clarity Potion |
| 5:25 | Healing Salve |
| 5:35 | Troll Headhunter |
| 5:39 | Barracks |
| 5:48 | Steel Armor |
| 5:48 | Thorium Armor |
| 6:24 | Endurance Aura |
| 6:45 | Steel Ranged Weapons |
| 6:47 | Fortress |
| 6:48 | Troll Regeneration |
| 6:50 | Reinforced Defenses |
| 7:10 | Voodoo Lounge |
| 7:44 | Troll Headhunter |
| 7:44 | Troll Headhunter |
| 8:12 | Troll Headhunter |
| 9:02 | Troll Headhunter |
| 9:02 | Troll Headhunter |
| 9:10 | Spirit Lodge |
| 9:14 | Berserker Upgrade |
| 9:22 | Troll Headhunter |
| 9:45 | Demolisher |
| 10:06 | Demolisher |
| 10:17 | Scroll of Town Portal |
| 10:19 | Lesser Clarity Potion |
| 10:29 | Shaman Adept Training |
| 10:35 | Burning Oil |
| 10:52 | Demolisher |
| 10:52 | Demolisher |
| 11:52 | Shaman Master Training |
| 12:12 | Troll Berserker |
| 12:13 | Troll Berserker |
| 12:15 | Thorium Ranged Weapons |
| 12:38 | Troll Berserker |
| 12:40 | Troll Berserker |
| 13:15 | Lesser Clarity Potion |
| 13:16 | Potion of Healing |
| 13:44 | Potion of Lesser Invulnerability |
| 13:53 | Shaman |
| 13:55 | Arcanite Armor |
| 14:22 | Demolisher |
| 15:12 | Scroll of Town Portal |
| 15:15 | Demolisher |
| 15:15 | Troll Berserker |
| 15:16 | Shaman |
| Right click | 529 |
| Select group | 324 |
| Select | 224 |
| Misc. action | 125 |
| Build/train/purchase | 81 |
| Use ability | 17 |
| Assign group | 6 |
| Resource trade | 6 |
| Item give/drop | 1 |
| Remove unit | 1 |

| Lesser Clarity Potion | 3 | 210 |
| Potion of Mana | 2 | 400 |
| Scroll of Town Portal | 3 | 1050 |
| Boots of Speed | 1 | 250 |
| Scroll of Speed | 1 | 50 |
| total: | 10 | 1960g |
| Wisp | 21 | 1260 | / | 0 |
| Archer | 6 | 780 | / | 60 |
| Mountain Giant | 6 | 2100 | / | 600 |
| total: | 33 | 4140g | / | 660w |
| Moon Well | 6 | 1080 | / | 240 |
| Ancient of War | 1 | 150 | / | 60 |
| Altar of Elders | 1 | 180 | / | 50 |
| Ancient of Wonders | 1 | 90 | / | 30 |
| Hunter's Hall | 1 | 210 | / | 100 |
| Tree of Life | 1 | 340 | / | 185 |
| Ancient of Lore | 2 | 310 | / | 290 |
| Tree of Ages | 1 | 320 | / | 180 |
| Tree of Eternity | 1 | 330 | / | 200 |
| total: | 13 | 2360g | / | 955w |
| 0:02 | Wisp |
| 0:02 | Wisp |
| 0:11 | Wisp |
| 0:18 | Moon Well |
| 0:20 | Wisp |
| 0:30 | Ancient of War |
| 0:33 | Wisp |
| 0:33 | Wisp |
| 0:33 | Wisp |
| 1:12 | Altar of Elders |
| 1:16 | Wisp |
| 1:17 | Wisp |
| 1:30 | Wisp |
| 1:30 | Wisp |
| 1:30 | Wisp |
| 1:35 | Archer |
| 1:35 | Archer |
| 1:54 | Moon Well |
| 2:10 | Ancient of Wonders |
| 2:11 | Wisp |
| 2:16 | Archer |
| 2:45 | Wisp |
| 2:45 | Wisp |
| 2:45 | Archer |
| 2:49 | Acid Bomb |
| 2:49 | Acid Bomb |
| 3:01 | Archer |
| 3:15 | Wisp |
| 3:15 | Wisp |
| 3:16 | Archer |
| 4:07 | Tree of Ages |
| 4:13 | Healing Spray |
| 4:20 | Moon Well |
| 4:32 | Hunter's Hall |
| 5:58 | Lesser Clarity Potion |
| 6:00 | Lesser Clarity Potion |
| 6:37 | Tree of Eternity |
| 6:38 | Ancient of Lore |
| 6:40 | Ancient of Lore |
| 6:45 | Tree of Life |
| 6:53 | Healing Spray |
| 7:00 | Scroll of Town Portal |
| 8:12 | Mountain Giant |
| 8:44 | Potion of Mana |
| 8:49 | Moon Well |
| 8:55 | Scroll of Speed |
| 8:59 | Hardened Skin |
| 8:59 | Resistant Skin |
| 9:28 | Boots of Speed |
| 9:49 | Mountain Giant |
| 10:06 | Reinforced Hides |
| 10:09 | Wisp |
| 10:09 | Wisp |
| 10:09 | Wisp |
| 10:09 | Wisp |
| 10:46 | Mountain Giant |
| 11:35 | Mountain Giant |
| 11:53 | Acid Bomb |
| 12:13 | Lesser Clarity Potion |
| 12:15 | Potion of Mana |
| 12:26 | Scroll of Town Portal |
| 12:45 | Moon Well |
| 13:53 | Mountain Giant |
| 13:54 | Moon Well |
| 13:55 | Improved Reinforced Hides |
| 14:51 | Mountain Giant |
| 15:00 | Scroll of Town Portal |
| 15:14 | Advanced Reinforced Hides |
| Right click | 950 |
| Select | 412 |
| Select group | 392 |
| Assign group | 101 |
| Build/train/purchase | 97 |
| Misc. action | 51 |
| Use ability | 38 |
| Minimap ping | 11 |
| Resource trade | 9 |
| Item give/drop | 3 |
| Esc | 2 |